| TOP OF THE 1ST |
|
Colorado Rockies batting - Pitching for Toronto Blue Jays : LHP Bryan Hickerson
|
|
Pitching: LHP Bryan Hickerson
|
|
|
Batting: LHB Todd Helton
|
0-0: Ball 1-0: Ball 2-0: Ball 3-0: Called Strike 3-1: SINGLE (Line Drive, 89M, EV 108.8 MPH)
|
|
Batting: RHB Juan Gonzalez
|
0-0: Ball 1-0: 2-RUN HOME RUN (Flyball, 7D, EV 95.6 MPH), Distance : 360 ft
|
|
Batting: RHB Damion Easley
|
0-0: Ball 1-0: Ball 2-0: Called Strike 2-1: Foul Ball, location: 2F 2-2: Reached on error, E6 (Groundball, 6, EV 90.0 MPH)
|
|
Batting: RHB Glenn Davis
|
0-0: Called Strike 0-1: SINGLE (Flyball, 7S, EV 91.9 MPH) - OUT at second base trying to stretch hit. Damion Easley scores
|
|
Batting: SHB Dmitri Young
|
0-0: Ball 1-0: Fly out, F9 (Flyball, 9S, EV 88.1 MPH)
|
|
Batting: RHB Steve Gibralter
|
0-0: Hit by Pitch
|
|
Batting: SHB Brian Banks
|
0-0: Ball 1-0: Called Strike 1-1: Ball 2-1: Swinging Strike 2-2: Strikes out swinging
|
| Top of the 1st over - 3 runs, 3 hits, 1 error, 1 left on base; Colorado 3 - Toronto 0 |
| BOTTOM OF THE 1ST |
|
Toronto Blue Jays batting - Pitching for Colorado Rockies : RHP Bill Wegman
|
|
Pitching: RHP Bill Wegman
|
|
|
Batting: LHB Lance Johnson
|
0-0: SINGLE (Line Drive, 34, EV 94.4 MPH)
|
|
Batting: RHB Derek Jeter
|
0-0: Ball 1-0: Called Strike 1-1: Swinging Strike 1-2: Strikes out looking
|
|
Batting: LHB Will Clark
|
0-0: Ball 1-0: Ball 2-0: Fly out, F2 (Popup, 15S, EV 93.1 MPH)
|
|
Batting: RHB Mark McGwire
|
0-0: Ball 1-0: Called Strike 1-1: Ball 2-1: Called Strike 2-2: Ball 3-2: Foul Ball, location: 2F 3-2: Fly out, F9 (Flyball, 9LS, EV 74.4 MPH)
|
| Bottom of the 1st over - 0 runs, 1 hit, 0 errors, 1 left on base; Colorado 3 - Toronto 0 |
| TOP OF THE 2ND |
|
Colorado Rockies batting - Pitching for Toronto Blue Jays : LHP Bryan Hickerson
|
|
Batting: LHB Keith Lockhart
|
0-0: Ball 1-0: Called Strike 1-1: Swinging Strike 1-2: Ball 2-2: Strikes out swinging
|
|
Batting: LHB Chip Hale
|
0-0: Called Strike 0-1: Foul Ball, location: 2F 0-2: Ball 1-2: Foul Ball, location: 2F 1-2: Strikes out swinging
|
|
Batting: LHB Todd Helton
|
0-0: Ball 1-0: Swinging Strike 1-1: Ball 2-1: Reached on error, E4 (Groundball, 34, EV 90.6 MPH)
|
|
Batting: RHB Juan Gonzalez
|
0-0: Swinging Strike 0-1: Called Strike 0-2: Foul Ball, location: 2F 0-2: Ball 1-2: Ball 2-2: SINGLE (Line Drive, 8LS, EV 109.4 MPH) Todd Helton to third Runner from 3rd tries for Home, SAFE, throw by LF to home
|
|
Batting: RHB Damion Easley
|
0-0: Called Strike 0-1: Foul Ball, location: 2F 0-2: Ball 1-2: Strikes out looking
|
| Top of the 2nd over - 1 run, 1 hit, 1 error, 1 left on base; Colorado 4 - Toronto 0 |
| BOTTOM OF THE 2ND |
|
Toronto Blue Jays batting - Pitching for Colorado Rockies : RHP Bill Wegman
|
|
Batting: LHB Phil Plantier
|
0-0: Called Strike 0-1: Foul Ball, location: 2F 0-2: Foul Ball, location: 2F 0-2: Ball 1-2: Strikes out swinging
|
|
Batting: RHB Dean Palmer
|
0-0: Ball 1-0: Ball 2-0: Foul Ball, location: 2F 2-1: Foul Ball, location: 2F 2-2: Fly out, F8 (Flyball, 8RD, EV 103.8 MPH)
|
|
Batting: RHB Hector Villanueva
|
0-0: Fly out, F8 (Flyball, 8LXD, EV 102.5 MPH)
|
| Bottom of the 2nd over - 0 runs, 0 hits, 0 errors, 0 left on base; Colorado 4 - Toronto 0 |
| TOP OF THE 3RD |
|
Colorado Rockies batting - Pitching for Toronto Blue Jays : LHP Bryan Hickerson
|
|
Batting: RHB Glenn Davis
|
0-0: Ground out 1-3 (Groundball, P, EV 76.9 MPH)
|
|
Batting: SHB Dmitri Young
|
0-0: Called Strike 0-1: Swinging Strike 0-2: Ball 1-2: SOLO HOME RUN (Flyball, 7LD, EV 100.0 MPH), Distance : 334 ft
|
|
Batting: RHB Steve Gibralter
|
0-0: Ball 1-0: Ball 2-0: Fly out, F7 (Flyball, 78S, EV 86.9 MPH)
|
|
Batting: SHB Brian Banks
|
0-0: Ball 1-0: Ball 2-0: Called Strike 2-1: Foul Ball, location: 2F 2-2: Strikes out looking
|
| Top of the 3rd over - 1 run, 1 hit, 0 errors, 0 left on base; Colorado 5 - Toronto 0 |
| BOTTOM OF THE 3RD |
|
Toronto Blue Jays batting - Pitching for Colorado Rockies : RHP Bill Wegman
|
|
Batting: SHB Brian McRae
|
0-0: Called Strike 0-1: Fly out, F7 (Flyball, 78S, EV 81.9 MPH)
|
|
Batting: SHB Torey Lovullo
|
0-0: Ball 1-0: Ball 2-0: Foul Ball, location: 2F 2-1: Foul Ball, location: 2F 2-2: Foul Ball, location: 2F 2-2: Foul Ball, location: 2F 2-2: Strikes out swinging
|
|
Batting: LHB Lance Johnson
|
0-0: Ball 1-0: SINGLE (Line Drive, 9LS, EV 94.4 MPH)
|
|
Batting: RHB Derek Jeter
|
0-0: Ball 1-0: Ball Lance Johnson steals 2nd base 2-0: Foul Ball, location: 2F 2-1: Swinging Strike 2-2: Ball 3-2: Fly out, F9 (Flyball, 9LMF, EV 82.5 MPH)
|
| Bottom of the 3rd over - 0 runs, 1 hit, 0 errors, 1 left on base; Colorado 5 - Toronto 0 |
| TOP OF THE 4TH |
|
Colorado Rockies batting - Pitching for Toronto Blue Jays : LHP Bryan Hickerson
|
|
Batting: LHB Keith Lockhart
|
0-0: Ball 1-0: SINGLE (Line Drive, 4MD, EV 94.4 MPH)
|
|
Batting: LHB Chip Hale
|
0-0: Called Strike 0-1: Swinging Strike 0-2: Ball Passed Ball! Keith Lockhart to second 1-2: Ball 2-2: Foul Ball, location: 2F 2-2: Foul Ball, location: 2F 2-2: Ball 3-2: Base on Balls
|
|
Batting: LHB Todd Helton
|
0-0: Ball 1-0: Swinging Strike 1-1: Fly out, F7 (Flyball, 78D, EV 90.0 MPH) Runner from 2nd tags up, SAFE at 3rd with throw by LF
|
|
Batting: RHB Juan Gonzalez
|
0-0: Ball 1-0: Ball 2-0: Swinging Strike 2-1: Foul Ball, location: 2F 2-2: Fly out, F7 (Flyball, 7D, EV 76.9 MPH) Runner from 3rd tags up, SCORES, throw by LF
|
|
Batting: RHB Damion Easley
|
0-0: Called Strike 0-1: Fly out, F7 (Flyball, 7S, EV 86.9 MPH)
|
| Top of the 4th over - 1 run, 1 hit, 0 errors, 1 left on base; Colorado 6 - Toronto 0 |
| BOTTOM OF THE 4TH |
|
Toronto Blue Jays batting - Pitching for Colorado Rockies : RHP Bill Wegman
|
|
Batting: LHB Will Clark
|
0-0: Called Strike 0-1: Ground out 4-3 (Groundball, 4D, EV 109.4 MPH)
|
|
Batting: RHB Mark McGwire
|
0-0: Swinging Strike 0-1: Ball 1-1: Foul Ball, location: 2F 1-2: Ball 2-2: Ball 3-2: Base on Balls
|
|
Batting: LHB Phil Plantier
|
0-0: Ball 1-0: Called Strike 1-1: Called Strike 1-2: Ball 2-2: SINGLE (Flyball, 8LS, EV 84.4 MPH) Mark McGwire to second
|
|
Batting: RHB Dean Palmer
|
0-0: Called Strike 0-1: Foul Ball, location: 2F 0-2: Ball 1-2: Ball 2-2: Ball 3-2: Strikes out swinging
|
|
Batting: RHB Hector Villanueva
|
0-0: Swinging Strike 0-1: Ball 1-1: Fly out, F6 (Line Drive, 6, EV 71.9 MPH)
|
| Bottom of the 4th over - 0 runs, 1 hit, 0 errors, 2 left on base; Colorado 6 - Toronto 0 |
| TOP OF THE 5TH |
|
Colorado Rockies batting - Pitching for Toronto Blue Jays : LHP Bryan Hickerson
|
|
Batting: RHB Glenn Davis
|
0-0: Foul Ball, location: 2F 0-1: Foul Ball, location: 2F 0-2: Ball 1-2: Ball 2-2: Ball 3-2: Foul Ball, location: 2F 3-2: DOUBLE (Flyball, 8RXD, EV 97.5 MPH)
|
|
Pitching: RHP Jim Corsi
|
|
|
Batting: SHB Dmitri Young
|
0-0: Ball 1-0: Foul Ball, location: 2F 1-1: Called Strike 1-2: Ground out U3 (Groundball, 34, EV 86.9 MPH) Glenn Davis to third
|
|
Batting: RHB Steve Gibralter
|
0-0: Called Strike 0-1: 2-RUN HOME RUN (Flyball, 78XD, EV 91.3 MPH), Distance : 389 ft
|
|
Batting: SHB Brian Banks
|
0-0: Ball 1-0: Called Strike 1-1: Swinging Strike 1-2: Foul Ball, location: 2F 1-2: Strikes out looking
|
|
Batting: LHB Keith Lockhart
|
0-0: Ball 1-0: Fly out, F8 (Flyball, 8RS, EV 88.8 MPH)
|
| Top of the 5th over - 2 runs, 2 hits, 0 errors, 0 left on base; Colorado 8 - Toronto 0 |
| BOTTOM OF THE 5TH |
|
Toronto Blue Jays batting - Pitching for Colorado Rockies : RHP Bill Wegman
|
|
Batting: SHB Brian McRae
|
0-0: Ball 1-0: Ball 2-0: Swinging Strike 2-1: Fly out, F7 (Flyball, 7LS, EV 93.1 MPH)
|
|
Batting: SHB Torey Lovullo
|
0-0: Ball 1-0: Called Strike 1-1: Ball 2-1: Foul Ball, location: 2F 2-2: Foul Ball, location: 2F 2-2: Strikes out swinging
|
|
Batting: LHB Lance Johnson
|
0-0: Called Strike 0-1: Called Strike 0-2: Fly out, F8 (Line Drive, 8RM, EV 90.6 MPH)
|
| Bottom of the 5th over - 0 runs, 0 hits, 0 errors, 0 left on base; Colorado 8 - Toronto 0 |
| TOP OF THE 6TH |
|
Colorado Rockies batting - Pitching for Toronto Blue Jays : RHP Jim Corsi
|
|
Batting: LHB Chip Hale
|
0-0: Fly out, F1 (Line Drive, P, EV 75.0 MPH)
|
|
Batting: LHB Todd Helton
|
0-0: Fly out, F5 (Popup, 56S, EV 90.6 MPH)
|
|
Batting: RHB Juan Gonzalez
|
0-0: Swinging Strike 0-1: Swinging Strike 0-2: Ball 1-2: Strikes out swinging
|
| Top of the 6th over - 0 runs, 0 hits, 0 errors, 0 left on base; Colorado 8 - Toronto 0 |
| BOTTOM OF THE 6TH |
|
Toronto Blue Jays batting - Pitching for Colorado Rockies : RHP Bill Wegman
|
|
Batting: RHB Derek Jeter
|
0-0: Ball 1-0: Foul Ball, location: 2F 1-1: Ball 2-1: Foul Ball, location: 2F 2-2: Strikes out swinging
|
|
Batting: LHB Will Clark
|
0-0: Fly out, F7 (Flyball, 7, EV 93.1 MPH)
|
|
Batting: RHB Mark McGwire
|
0-0: Ball 1-0: Foul Ball, location: 2F 1-1: Foul Ball, location: 2F 1-2: Ball 2-2: SOLO HOME RUN (Line Drive, 78XD, EV 106.3 MPH), Distance : 396 ft
|
|
Batting: LHB Phil Plantier
|
0-0: Swinging Strike 0-1: Ground out 6-3 (Groundball, 6D, EV 101.9 MPH)
|
| Bottom of the 6th over - 1 run, 1 hit, 0 errors, 0 left on base; Colorado 8 - Toronto 1 |
| TOP OF THE 7TH |
|
Colorado Rockies batting - Pitching for Toronto Blue Jays : RHP Jim Corsi
|
|
Batting: RHB Damion Easley
|
0-0: Ground out 1-3 (Groundball, 34S, EV 77.5 MPH)
|
|
Batting: RHB Glenn Davis
|
0-0: Foul Ball, location: 2F 0-1: Reached on error, E4 (Groundball, 4, EV 86.3 MPH)
|
|
Batting: SHB Dmitri Young
|
0-0: Ball 1-0: Ball 2-0: Ball 3-0: Called Strike 3-1: Fly out, F8 (Flyball, 8LXD, EV 91.3 MPH)
|
|
Batting: RHB Steve Gibralter
|
0-0: Ball 1-0: Foul Ball, location: 2F 1-1: Ball 2-1: Swinging Strike 2-2: Foul Ball, location: 2F 2-2: Ball 3-2: DOUBLE (Line Drive, 9LS, EV 102.5 MPH) Glenn Davis to third Glenn Davis scores
|
|
Batting: SHB Brian Banks
|
0-0: Foul Ball, location: 2F 0-1: Called Strike 0-2: Ball 1-2: Ball 2-2: Ball 3-2: Strikes out swinging
|
| Top of the 7th over - 1 run, 1 hit, 1 error, 1 left on base; Colorado 9 - Toronto 1 |
| BOTTOM OF THE 7TH |
|
Toronto Blue Jays batting - Pitching for Colorado Rockies : RHP Bill Wegman
|
|
Batting: RHB Dean Palmer
|
0-0: Ball 1-0: Called Strike 1-1: Fly out, F8 (Flyball, 8RS, EV 93.1 MPH)
|
|
Batting: RHB Hector Villanueva
|
0-0: Ground out 5-3 (Groundball, 56, EV 99.4 MPH)
|
|
Batting: SHB Brian McRae
|
0-0: Reached on error, E4 (Groundball, 4, EV 92.5 MPH)
|
|
Batting: SHB Torey Lovullo
|
0-0: Ball 1-0: Ball 2-0: Foul Ball, location: 2F 2-1: Ball 3-1: Fly out, F6 (Popup, 6M, EV 63.8 MPH)
|
| Bottom of the 7th over - 0 runs, 0 hits, 1 error, 1 left on base; Colorado 9 - Toronto 1 |
| TOP OF THE 8TH |
|
Colorado Rockies batting - Pitching for Toronto Blue Jays : RHP Jim Corsi
|
|
Batting: LHB Keith Lockhart
|
0-0: Ball 1-0: Ground out 4-3 (Groundball, 4, EV 81.3 MPH)
|
|
Pitching: RHP Curt Brown
|
|
|
Batting: LHB Chip Hale
|
0-0: Called Strike 0-1: Foul Ball, location: 2F 0-2: Foul Ball, location: 2F 0-2: Ball 1-2: Fly out, F7 (Flyball, 78S, EV 76.3 MPH)
|
|
Batting: LHB Todd Helton
|
0-0: Called Strike 0-1: Ball 1-1: Foul Ball, location: 2F 1-2: Foul Ball, location: 2F 1-2: Foul Ball, location: 2F 1-2: Fly out, F8 (Flyball, 8RD, EV 101.3 MPH)
|
| Top of the 8th over - 0 runs, 0 hits, 0 errors, 0 left on base; Colorado 9 - Toronto 1 |
| BOTTOM OF THE 8TH |
|
Toronto Blue Jays batting - Pitching for Colorado Rockies : RHP Bill Wegman
|
|
Pitching: RHP John E. Farrell
|
|
|
Batting: LHB Lance Johnson
|
0-0: Foul Ball, location: 2F 0-1: Swinging Strike 0-2: Fly out, F5 (Popup, 5SF, EV 81.3 MPH)
|
|
Batting: RHB Derek Jeter
|
0-0: Called Strike 0-1: Swinging Strike 0-2: Strikes out swinging
|
|
Batting: LHB Will Clark
|
0-0: Called Strike 0-1: Swinging Strike 0-2: Ball 1-2: Foul Ball, location: 2F 1-2: Foul Ball, location: 2F 1-2: Ball 2-2: Reached via error on a dropped throw from 2B, E3 (Groundball, 34, EV 103.1 MPH)
|
|
Batting: RHB Mark McGwire
|
0-0: Ball 1-0: Called Strike 1-1: Ball 2-1: Ball 3-1: Base on Balls Will Clark to second
|
|
Batting: LHB Phil Plantier
|
0-0: Fielders Choice at 2nd, 6-4 (Groundball, 6, EV 80.6 MPH)
|
| Bottom of the 8th over - 0 runs, 0 hits, 1 error, 2 left on base; Colorado 9 - Toronto 1 |
| TOP OF THE 9TH |
|
Colorado Rockies batting - Pitching for Toronto Blue Jays : RHP Curt Brown
|
|
Batting: RHB Juan Gonzalez
|
0-0: Swinging Strike 0-1: Ball 1-1: Swinging Strike 1-2: Fly out, F4 (Line Drive, 4, EV 66.9 MPH)
|
|
Batting: RHB Damion Easley
|
0-0: Ball 1-0: Called Strike 1-1: Ground out 5-3 (Groundball, 56, EV 75.6 MPH)
|
|
Batting: RHB Glenn Davis
|
0-0: Ground out 6-3 (Groundball, 6, EV 87.5 MPH)
|
| Top of the 9th over - 0 runs, 0 hits, 0 errors, 0 left on base; Colorado 9 - Toronto 1 |
| BOTTOM OF THE 9TH |
|
Toronto Blue Jays batting - Pitching for Colorado Rockies : RHP John E. Farrell
|
|
Batting: RHB Dean Palmer
|
0-0: Ball 1-0: Ball 2-0: Called Strike 2-1: Foul Ball, location: 2F 2-2: Foul Ball, location: 2F 2-2: Ball 3-2: SINGLE (Flyball, 89S, EV 94.4 MPH)
|
|
Batting: RHB Hector Villanueva
|
0-0: Ball 1-0: Called Strike 1-1: Foul Ball, location: 2F 1-2: Ball 2-2: Ball 3-2: Strikes out swinging
|
|
Batting: SHB Brian McRae
|
0-0: Reached on error, E6 (Groundball, 6, EV 105.0 MPH) Dean Palmer to second
|
|
Batting: SHB Torey Lovullo
|
0-0: Called Strike 0-1: Ball 1-1: Swinging Strike 1-2: Ball 2-2: Strikes out swinging
|
|
Batting: LHB Lance Johnson
|
0-0: Ground out U3 (Groundball, 3, EV 101.3 MPH)
|
| Bottom of the 9th over - 0 runs, 1 hit, 1 error, 2 left on base; Colorado 9 - Toronto 1 |
|